AoeStats
← Madrabaz

MegaRandom

509673311Analyzed
2v2 RM · 5d ago on Sep 27, 2026· 56m 28s· 4 players
Game mode
Random Map
Map size
Medium (4 player)
Population
200
Speed
Normal
Resources
Standard
Victory
Conquest
Starting age
Dark Age
Ending age
Imperial Age
RankedLock teamsTeams togetherTeam positionsShared explorationLock speedFull tech treeHidden civsTurbo modeCheats
Victory
Defeat
🇺🇸 Italians · United States
491
+20
🇨🇱 Khmer · Chile
480
+21
🇫🇷 Vietnamese · France
621
-38
🇹🇷 Teutons · Türkiye
560
-20
ZigZag Doobski
0:32 Loom
leoestradaduran
8:41 Loom
11:22 Feudal Age
12:40 Wheelbarrow
11:46 Horse Collar
11:53 Double-Bit Axe
11:59 Town Watch
16:35 Fishing Lines
18:12 Fletching
18:22 Padded Archer Armor
18:33 Gold Mining
22:41 Padded Archer Armor
24:33 Man-at-Arms
24:58 Arson
25:26 Forging
25:16 Scale Mail Armor
25:21 Scale Barding Armor
25:28 Bloodlines
27:52 Stone Mining
31:09 Castle Age
32:07 Hand Cart
32:30 Gold Shaft Mining
31:57 Heavy Plow
32:11 Bow Saw
32:16 Town Patrol
31:59 Crossbowman
32:33 Elite Skirmisher
33:21 Pikeman
35:54 Iron Casting
35:34 Chain Mail Armor
35:15 Bodkin Arrow
35:35 Leather Archer Armor
35:41 Chain Barding Armor
35:36 Long Swordsman
36:10 Light Cavalry
36:51 Husbandry
39:04 Murder Holes
40:42 Stone Shaft Mining
43:40 Imperial Age
41:56 Gillnets
43:06 Caravan
43:54 Halberdier
45:37 Blast Furnace
44:38 Bracer
45:08 Ring Archer Armor
44:12 Two-Handed Swordsman
45:10 Fortified Wall
46:03 Hoardings
47:14 Chemistry
46:59 Crop Rotation
46:13 Capped Ram
49:14 Coinage
54:34 Onager
Golos_Le_Gris
Madrabaz
11:01 Feudal Age
13:22 Man-at-Arms
26:03 Wheelbarrow
30:04 Castle Age
32:19 Long Swordsman
40:23 Imperial Age
40:49 Cavalier
45:29 Elite Teutonic Knight
Connection lost

Rejoining the realm…

Still unreachable

The connection could not be restored.

Session expired

The server has moved on; the page needs a fresh start.